 Dungeon Crawl Stone Soup version 0.17-a0-580-g22c127a (webtiles) character file.

15945 Kisielow the Destroyer (level 12, -9/72 HPs)
             Began as a Deep Elf Conjurer on Apr 15, 2015.
             Was a High Priest of Vehumet.
             Mangled by a seven-headed hydra (15 damage)
             ... on level 1 of the Lair of Beasts.
             The game lasted 01:08:58 (13622 turns).

Kisielow the Destroyer (Deep Elf Conjurer)         Turns: 13622, Time: 01:08:58

Health: -9/72      AC: 11    Str:  9    XL:     12   Next: 5%
Magic:  12/24      EV: 15    Int: 24    God:    Vehumet [*****.]
Gold:   780        SH:  5    Dex: 13    Spells: 7 memorised, 3 levels left

rFire  + + +     SeeInvis +     f - staff of fire
rCold  x x .     Clarity  .     j - +1 robe of Zuteom {Str+4 SInv Stlth-}
rNeg   . . .     SustAb   .     u - +0 buckler
rPois  .         Gourm    .     C - +1 hat
rElec  .         Spirit   .     v - +2 cloak
rCorr  .         Warding  .     e - +0 pair of gloves
rMut   .         Rnd*Tele +     m - +0 pair of boots
MR     +....                    (no amulet)
Stlth  +.........               R - ring of fire
                                q - ring of fire

@: somewhat resistant to hostile enchantments, very unstealthy
A: horns 1, talons 1, molten scales 1, rugged brown scales 1, clumsy 1,
deterioration 1, teleportitis 1, weak 1
a: Renounce Religion


You were on level 1 of the Lair of Beasts.
You worshipped Vehumet.
Vehumet was extremely pleased with you.
You were near starving.

You visited 3 branches of the dungeon, and saw 13 of its levels.
You also visited: Ossuary.

You collected 780 gold pieces.

Inventory:

Armour
 e - a +0 pair of gloves (worn)
 j - the +1 robe of Zuteom (worn) {Str+4 SInv Stlth-}
   (You found it on level 6 of the Dungeon)

   It affects your strength (+4).
   It enhances your eyesight.
   It makes you less stealthy.
 m - a +0 pair of boots (worn)
 u - a +0 buckler (worn)
 v - a +2 cloak (worn)
 C - a +1 hat (worn)
Magical staves
 f - an uncursed staff of fire (weapon)
 x - an uncursed staff of wizardry
Jewellery
 l - an uncursed ring of protection from cold
 q - a ring of fire (left hand)
 r - an uncursed ring of sustain abilities
 L - an uncursed ring of positive energy
 R - a ring of fire (right hand)
Magical devices
 a - a wand of enslavement (5)
 s - a wand of disintegration (12)
 w - a wand of frost (19)
 M - a wand of disintegration (14)
 O - a wand of lightning (9)
Scrolls
 h - 3 scrolls of fog
 i - 10 scrolls of remove curse
 k - 2 scrolls of recharging
 p - 3 scrolls of enchant armour
 t - 8 scrolls of identify
 E - 2 scrolls of fear
 J - a scroll of enchant weapon
 K - 2 scrolls of teleportation
 Q - a scroll of holy word
Potions
 d - 5 potions of curing
 g - 6 potions of haste
 n - a potion of brilliance
 o - 5 potions of restore abilities
 B - a potion of invisibility
 D - 3 potions of might
 G - a potion of flight
Miscellaneous
 A - a plain deck of war
Comestibles
 b - 8 bread rations
 c - a royal jelly
 z - a slice of pizza
 F - 8 fruits
 H - a meat ration
 P - 2 beef jerkies


   Skills:
 - Level 6.0 Fighting
 - Level 6.2 Dodging
 - Level 2.4 Stealth
 - Level 5.0 Shields
 - Level 7.0 Spellcasting
 + Level 13.4 Conjurations
 - Level 11.1 Charms
 * Level 7.4 Fire Magic


You had 3 spell levels left.
You knew the following spells:

 Your Spells              Type           Power        Failure   Level  Hunger
a - Magic Dart            Conj           ####         1%          1    None
b - Searing Ray           Conj           ######       1%          2    None
c - Iskenderun's Battles  Conj/Chrm      ######..     1%          5    #####..
d - Fireball              Conj/Fire      ########..   1%          5    #####..
e - Mephitic Cloud        Conj/Pois/Air  ####....     1%          3    None
f - Throw Flame           Conj/Fire      ######       1%          2    None
g - Force Lance           Conj/Tloc      #####...     1%          4    ###....


Dungeon Overview and Level Annotations

Branches:
Dungeon (11/15)            Temple (1/1) D:5            Lair (1/8) D:11
    Orc: D:9-12

Altars:
Ashenzari
Cheibriados
Dithmenos
Elyvilon
Fedhas
Gozag
Kikubaaqudgha
Makhleb
Nemelex Xobeh
Okawaru
Qazlal
Ru
Sif Muna
Trog
Vehumet
Xom
Yredelemnul
Zin
The Shining One

Shops:
D:10 [


Innate Abilities, Weirdness & Mutations

You have a pair of small horns on your head.
You have sharp toenails.
You are partially covered in molten scales (AC +1).
You are partially covered in rugged brown scales (AC +1, +3% HP).
You are clumsy. (Dex -2)
Your body is slowly deteriorating.
You are occasionally teleported to nearby monsters.
You are weak. (Str -2)


Message History

Aiming: Fireball
Press: ? - help, Shift-Dir - straight line, f/p - seven-headed hydra
Aim: a seven-headed hydra (moderately wounded)
You feel a huge surge of power! That beam is likely to hit you.
Continue anyway?
The fireball explodes!
The fireball engulfs the seven-headed hydra.
The seven-headed hydra is almost dead.
The fireball engulfs you! You resist.
* * * LOW HITPOINT WARNING * * *
You hear a loud, deep croak!
Your battlesphere fires!
The barrage of energy hits the seven-headed hydra.
The seven-headed hydra is almost dead.
The seven-headed hydra bites you!
* * * LOW HITPOINT WARNING * * *
The seven-headed hydra closely misses you.
You block the seven-headed hydra's attack.
The seven-headed hydra bites you!
You die...

...#######.............#.......#
....# #.....................##
.#### #..#.##P#..##.##.....## ##
######ยง######..#### ##..#
#.......# #...# .
#.......#####..#####
#...............*...
#....................
##......###.@........ ##.....#
##D......[. #.....# #..###.###
###...# #F.# #.......F..#
#............. ...........##.#
...........# .F.......##


You could see a seven-headed hydra and 2 blink frogs.

Vanquished Creatures
  Gastronok (Lair:1)
  Erolcha (D:8)
  Erica (D:8)
  A centaur warrior (D:10)
  A hill giant (D:11)
  Pikel (D:6)
  A cyclops (D:11)
  Joseph (D:8)
  Psyche (D:8)
  A spiny frog (Lair:1)
  A fire drake (Lair:1)
  2 komodo dragons
  3 trolls (D:11)
  8 yaks
  2 hippogriffs
  2 wraiths
  A basilisk (Lair:1)
  3 water moccasins
  Duvessa (D:7)
  3 orc warriors
  8 porcupines (Lair:1)
  An ice beast (D:11)
  6 ogres
  3 phantoms
  4 centaurs
  3 crocodiles (Lair:1)
  A big kobold (D:11)
  12 giant frogs
  A wyvern zombie (D:7)
  Dowan (D:7)
  14 scorpions
  11 killer bees
  8 wights
  8 jellies
  2 crimson imps (D:7)
  A giant frog zombie (D:11)
  A centaur zombie (Ossuary)
  2 human zombies (Ossuary)
  3 orc priests
  3 centaur skeletons
  A gnoll shaman (D:6)
  2 hounds
  5 giant frog skeletons
  3 orc wizards
  4 iguanas
  6 worker ants
  2 hound zombies
  5 mummies
  A worker ant zombie (D:9)
  2 scorpion zombies (Ossuary)
  3 gnolls (D:6)
  3 shadow imps
  13 adders
  2 adder skeletons
  2 worms
  3 giant geckos
  33 orcs
  A bat skeleton (D:8)
  5 giant cockroaches
  2 gnoll zombies (Ossuary)
  11 hobgoblins
  9 jackals
  17 kobolds
  2 quokkas
  3 ball pythons
  A ball python zombie (D:5)
  22 bats
  6 giant newts (D:1)
  A giant spore (D:9)
  17 goblins
  2 goblin zombies
  2 hobgoblin zombies (Ossuary)
  A kobold zombie (Ossuary)
  5 orc zombies
  A quokka skeleton (D:9)
  11 rats
  A ballistomycete (D:9)
  4 plants (D:11)
343 creatures vanquished.

Vanquished Creatures (others)
  A killer bee (D:9)
  A worker ant (D:6)
  2 gnolls (D:6)
  A mummy (D:6)
  3 orcs (D:6)
  A goblin (D:6)
  A quokka (D:6)
  A giant newt (D:6)
  A goblin zombie (Ossuary)
  A plant (D:11)
13 creatures vanquished.

Grand Total: 356 creatures vanquished

Notes
Turn   | Place    | Note
--------------------------------------------------------------
     0 | D:1      | Kisielow, the Deep Elf Conjurer, began the quest for the Orb.
     0 | D:1      | Reached XP level 1. HP: 10/10 MP: 6/6
   164 | D:1      | Reached XP level 2. HP: 15/15 MP: 1/8
   172 | D:1      | Learned a level 2 spell: Searing Ray
   283 | D:1      | Reached skill level 5 in Conjurations
   574 | D:1      | Reached XP level 3. HP: 19/19 MP: 3/9
  1172 | D:2      | Found a glowing silver altar of Zin.
  1647 | D:2      | Reached skill level 6 in Conjurations
  1850 | D:3      | Found a stormy altar of Qazlal.
  1853 | D:3      | Noticed an air elemental
  1853 | D:3      | Noticed a fire elemental
  1854 | D:3      | Noticed an earth elemental
  1854 | D:3      | Noticed a water elemental
  1865 | D:3      | Reached XP level 4. HP: 24/24 MP: 7/10
  2104 | D:3      | Found a sacrificial altar of Ru.
  2372 | D:4      | Reached XP level 5. HP: 28/28 MP: 9/11
  2379 | D:4      | Learned a level 5 spell: Iskenderun's Battlesphere
  2386 | D:4      | Reached skill level 7 in Conjurations
  2501 | D:4      | Reached skill level 1 in Charms
  2627 | D:4      | Found a sparkling altar of Nemelex Xobeh.
  3393 | D:5      | Entered Level 5 of the Dungeon
  3400 | D:5      | Reached XP level 6. HP: 32/32 MP: 6/12
  3545 | D:5      | Found a bloodstained altar of Trog.
  3706 | D:5      | Found a staircase to the Ecumenical Temple.
  3712 | Temple   | Entered the Ecumenical Temple
  3727 | Temple   | Became a worshipper of Vehumet
  3815 | D:5      | Gained mutation: You expend magic power (3 MP) to strengthen your wands. [potion of mutation]
  3815 | D:5      | Gained mutation: You are weak. (Str -2) [potion of mutation]
  3815 | D:5      | Gained mutation: You are clumsy. (Dex -2) [potion of mutation]
  3816 | D:5      | Gained mutation: You are partially covered in rugged brown scales (AC +1, +3% HP). [potion of mutation]
  3816 | D:5      | Gained mutation: You are occasionally teleported to nearby monsters. [potion of mutation]
  4328 | D:6      | Noticed Pikel
  4341 | D:6      | Killed Pikel
  4341 | D:6      | Reached skill level 9 in Conjurations
  4341 | D:6      | Reached skill level 5 in Charms
  4341 | D:6      | Reached XP level 7. HP: 37/37 MP: 1/13
  4540 | D:6      | Got a fabulously ornate robe
  4551 | D:6      | Identified the +1 robe of Zuteom {Str+4 SInv Stlth-} (You found it on level 6 of the Dungeon)
  4701 | D:6      | Found a sand-covered staircase.
  4719 | Ossuary  | Entered an ossuary
  5212 | Ossuary  | Reached skill level 10 in Conjurations
  5212 | Ossuary  | Reached XP level 8. HP: 42/42 MP: 6/14
  5438 | Ossuary  | Acquired Vehumet's first power
  5438 | Ossuary  | Offered knowledge of Shock by Vehumet.
  5444 | Ossuary  | Learned a level 4 spell: Iskenderun's Mystic Blast
  5547 | Ossuary  | Paralysed by miscasting Iskenderun's Battlesphere for 6 turns
  5559 | Ossuary  | HP: 1/42 [scorpion/exploding inner flame[the player character] (20)]
  6086 | Ossuary  | Lost mutation: You expend magic power (3 MP) to strengthen your wands. [potion of mutation]
  6086 | Ossuary  | Gained mutation: You have sharp toenails. [potion of mutation]
  6086 | Ossuary  | Gained mutation: You have a pair of small horns on your head. [potion of mutation]
  6140 | D:6      | Reached skill level 11 in Conjurations
  6706 | D:6      | Offered knowledge of Throw Flame by Vehumet.
  6711 | D:6      | Learned a level 2 spell: Throw Flame
  6927 | D:7      | Found a shimmering altar of Xom.
  6934 | D:7      | Reached skill level 1 in Fighting
  7075 | D:7      | Noticed Duvessa
  7075 | D:7      | Noticed Dowan
  7078 | D:7      | Killed Dowan
  7080 | D:7      | Killed Duvessa
  7130 | D:7      | Reached XP level 9. HP: 48/48 MP: 9/17
  7191 | D:7      | Found an ancient bone altar of Kikubaaqudgha.
  7191 | D:7      | Found a blossoming altar of Fedhas.
  7280 | D:7      | Reached skill level 5 in Spellcasting
  7789 | D:8      | Noticed Erolcha
  7795 | D:8      | Killed Erolcha
  7795 | D:8      | Reached skill level 10 in Charms
  7798 | D:8      | Learned a level 1 spell: Magic Dart
  7992 | D:8      | Reached skill level 1 in Shields
  8290 | D:8      | Noticed Erica
  8295 | D:8      | Killed Erica
  8295 | D:8      | Reached XP level 10. HP: 51/57 MP: 10/22
  8389 | D:8      | Noticed Psyche
  8394 | D:8      | Killed Psyche
  8473 | D:8      | Noticed Joseph
  8478 | D:8      | Killed Joseph
  8511 | D:8      | Learned a level 3 spell: Mephitic Cloud
  8584 | D:8      | Gained mutation: Your body is slowly deteriorating. [potion of mutation]
  8584 | D:8      | Gained mutation: You are partially covered in molten scales (AC +1). [potion of mutation]
  8867 | D:9      | Offered knowledge of Stone Arrow by Vehumet.
  8965 | D:9      | Reached skill level 5 in Dodging
  9027 | D:9      | Acquired Vehumet's second power
  9494 | D:9      | Offered knowledge of Force Lance by Vehumet.
  9507 | D:9      | Learned a level 4 spell: Force Lance
  9548 | D:9      | Reached skill level 5 in Fighting
  9759 | D:9      | Found a basalt altar of Yredelemnul.
 10095 | D:10     | Entered Level 10 of the Dungeon
 10099 | D:10     | Acquired Vehumet's third power
 10192 | D:10     | Offered knowledge of Bolt of Magma by Vehumet.
 10224 | D:10     | Learned a level 5 spell: Bolt of Magma
 10274 | D:10     | Found Pifuonk's Antique Armour Shoppe.
 10907 | D:10     | Reached XP level 11. HP: 58/65 MP: 17/23
 11183 | D:10     | Reached skill level 5 in Shields
 11441 | D:10     | Reached skill level 1 in Fire Magic
 11764 | D:10     | Offered knowledge of Fireball by Vehumet.
 11772 | D:10     | Learned a level 5 spell: Fireball
 11896 | D:10     | Noticed a centaur warrior
 11898 | D:10     | Killed a centaur warrior
 12165 | D:11     | Noticed a hill giant
 12168 | D:11     | Killed a hill giant
 12168 | D:11     | Reached skill level 12 in Conjurations
 12808 | D:11     | Found a staircase to the Lair.
 12901 | Lair:1   | Entered Level 1 of the Lair of Beasts
 12944 | Lair:1   | Noticed Gastronok
 12957 | Lair:1   | Killed Gastronok
 13160 | Lair:1   | Reached skill level 13 in Conjurations
 13388 | Lair:1   | Reached XP level 12. HP: 72/72 MP: 16/24
 13616 | Lair:1   | Noticed a seven-headed hydra
 13622 | Lair:1   | Mangled by a seven-headed hydra

Action                   |  1- 3 |  4- 6 |  7- 9 | 10-12 || total
-------------------------+-------+-------+-------+-------++-------
Melee: Unarmed           |     3 |       |       |       ||     3
       Club              |     1 |       |       |       ||     1
       Spear             |     4 |       |       |       ||     4
       Dagger            |       |     7 |       |       ||     7
       Staff             |       |       |    61 |     4 ||    65
 Cast: Magic Dart        |   105 |   110 |   159 |   189 ||   563
       Searing Ray       |       |     4 |     6 |       ||    10
       Iskenderun's Batt |       |       |    17 |    60 ||    77
       Throw Flame       |       |       |    47 |    88 ||   135
       Iskenderun's Myst |       |       |     2 |     2 ||     4
       Bolt of Magma     |       |       |       |     7 ||     7
       Mephitic Cloud    |       |       |       |     3 ||     3
       Fireball          |       |       |       |    26 ||    26
  Use: Scroll            |       |    20 |    13 |     4 ||    37
       Potion            |       |     2 |     6 |     6 ||    14
  Eat: Chunk             |     3 |     6 |     6 |    21 ||    36
       Meat ration       |       |       |     2 |     1 ||     3
       Beef jerky        |       |       |     1 |       ||     1
       Bread ration      |       |       |     1 |     1 ||     2
       Fruit             |       |       |     4 |       ||     4
       Pizza             |       |       |       |     1 ||     1
